AoeStats
← pablomartino94

Arabia

514158366Analyzed
1v1 RM · 3d ago on Oct 16, 2026· 27m 56s· 2 players
Game mode
Random Map
Map size
Tiny (2 player)
Population
200
Speed
Normal
Resources
Standard
Victory
Conquest
Starting age
Dark Age
Ending age
Imperial Age
RankedLock teamsTeams togetherTeam positionsShared explorationLock speedFull tech treeHidden civsTurbo modeCheats
Victory
Defeat
🇦🇷 Portuguese · Argentina
1052
+16
vs
🇦🇷 Byzantines · Argentina
1043
-16
ARES
7:34 Loom
9:41 Feudal Age
10:10 Horse Collar
14:30 Double-Bit Axe
20:45 Castle Age
19:35 Fletching
21:08 Padded Archer Armor
21:58 Bodkin Arrow
24:00 Elite Skirmisher
26:23 Ballistics
pablomartino94
7:19 Loom
10:31 Feudal Age
11:08 Double-Bit Axe
16:23 Fletching
19:56 Castle Age
18:51 Gold Mining
19:05 Padded Archer Armor
20:53 Bow Saw
20:28 Crossbowman
21:25 Bodkin Arrow
22:23 Leather Archer Armor
22:50 Horse Collar
25:15 Wheelbarrow
24:29 Town Watch
26:27 Bloodlines
26:18 Husbandry
Connection lost

Rejoining the realm…

Still unreachable

The connection could not be restored.

Session expired

The server has moved on; the page needs a fresh start.